 Dungeon Crawl Stone Soup version 0.19.1 (webtiles) character file.

7297 Ice the Basher (level 10, -1/86 HPs)
             Began as a Minotaur Berserker on Nov 29, 2016.
             Was a High Priest of Trog.
             Slain by a vampire (4 damage)
             ... on level 10 of the Dungeon.
             The game lasted 00:51:01 (9038 turns).

Ice the Basher (Minotaur Berserker)                 Turns: 9038, Time: 00:51:02

Health: -1/86      AC: 12    Str: 23    XL:     10   Next: 89%
Magic:  9/9        EV: 12    Int:  4    God:    Trog [*****.]
Gold:   510        SH:  0    Dex: 10    Spells: 0 memorised, 9 levels left

rFire  + + +     SeeInvis .     x - +0 flail (holy)
rCold  + + .     Gourm    .     T - +0 scale mail of Taisoets {*Slow rF+++ rC++ Dex-2}
rNeg   . . .     Faith    +     (no shield)
rPois  .         Spirit   .     (helmet restricted)
rElec  .         Reflect  .     h - +0 cloak
rCorr  .         Harm     .     a - +1 pair of gloves
MR     ++...                    G - +0 pair of boots
Stlth  ..........               N - amulet of faith
                                (no ring)
                                (no ring)

@: exhausted, regenerating, slowed, very slow
A: retaliatory headbutt, horns 2
a: Berserk, Trog's Hand, Brothers in Arms, Burn Spellbooks, Renounce Religion


You were on level 10 of the Dungeon.
You worshipped Trog.
Trog was extremely pleased with you.
You were full.

You visited 1 branch of the dungeon, and saw 11 of its levels.

You collected 510 gold pieces.

Inventory:

Hand Weapons
 j - a +0 hunting sling of velocity
 l - a +0 dagger of freezing
 t - a +4 shortbow
 x - a +0 flail of holy wrath (weapon)
 O - a +3 dire flail of protection
 V - a +0 shortbow
Missiles
 g - 384 stones
 i - 119 arrows
 u - 82 sling bullets
 A - 10 tomahawks
 C - 2 curare-tipped needles
 P - 3 javelins (quivered)
 W - 17 poisoned needles
Armour
 a - a +1 pair of gloves (worn)
 h - a +0 cloak (worn)
 G - a +0 pair of boots (worn)
 T - the +0 scale mail of Taisoets (worn) {*Slow rF+++ rC++ Dex-2}
   (You found it on level 6 of the Dungeon)

   It affects your dexterity (-2).
   It renders you almost immune to fire.
   It greatly protects you from cold.
   It may slow you when you take damage.
Rods
 U - a +0 rod of clouds (9/9)
   (You found it on level 7 of the Dungeon)
Jewellery
 N - an amulet of faith (around neck)
Wands
 f - a wand of enslavement (17/24)
 m - a wand of teleportation (4/9)
 s - a wand of iceblast (14/15)
 v - a wand of flame (23/48)
 y - a wand of slowing (29/48)
 F - a wand of iceblast (15/15)
 I - a wand of slowing (7/48)
 M - a wand of polymorph (17/24)
 Q - a wand of lightning (4/15)
Scrolls
 d - 4 scrolls of teleportation
 e - 3 scrolls of immolation
 k - a scroll of fear
 q - 3 scrolls of magic mapping {unknown}
 r - a scroll of fog {unknown}
 E - a scroll of holy word {unknown}
 X - a scroll of random uselessness {unknown}
 Y - a scroll of enchant weapon {unknown}
Potions
 b - a potion of mutation {unknown}
 c - 2 potions of resistance {unknown}
 n - a potion of haste {unknown}
 p - a potion of cancellation {unknown}
 w - 2 potions of magic {unknown}
 z - a potion of heal wounds {unknown}
 B - a potion of cure mutation {unknown}
 D - 3 potions of lignification {unknown}
 H - 3 potions of flight
 J - 2 potions of invisibility {unknown}
 K - a potion of agility
 R - 2 potions of curing {unknown}
 S - a potion of brilliance {unknown}
 Z - a potion of degeneration {unknown}
Books
 L - a book of Debilitation

   Spells                             Type                      Level
   a - Corona                         Hexes                        1
   b - Slow                           Hexes                        2
   c - Gell's Gravitas                Hexes/Translocation          3
   d - Inner Flame                    Hexes/Fire                   3
   e - Cause Fear                     Hexes                        4
   f - Leda's Liquefaction            Hexes/Earth                  4
   Trog disapproves of the use of such an item.


   Skills:
 + Level 7.1 Fighting
 - Level 14.0 Maces & Flails
 - Level 3.6 Slings
 - Level 8.4 Bows
 - Level 5.1 Armour
 - Level 5.0 Dodging
 - Level 3.2 Unarmed Combat


You had 9 spell levels left.
You didn't know any spells.

Dungeon Overview and Level Annotations

Branches:
Dungeon (11/15)            Temple (0/1) D:7
   Lair: D:8-11         Orc: D:9-12

Altars:

Annotations:
D:11 Maurice


Innate Abilities, Weirdness & Mutations

You reflexively headbutt those who attack you in melee.
You have a pair of horns on your head.


Message History

You kill the yak!
Trog accepts your kill.
Your Fighting skill increases to level 7!
You feel a strong urge to attack something.
Something hits you but does no damage. Something completely misses you.
Something hits you but does no damage. Something bites you.
* * * LOW HITPOINT WARNING * * *
Something draws strength from your injuries!
You feel your anger subside.
You are no longer berserk.
You are exhausted.
You feel yourself slow down.
Your skin crawls.
You feel resistant to hostile enchantments.
You feel somewhat less full. Something hits you!
* * * LOW HITPOINT WARNING * * *
Something bites you.
* * * LOW HITPOINT WARNING * * *
Something draws strength from your injuries!
Something hits you.
You die...

#### ###.........##
...######...#........#
##....##..###........#
###.....## #........#
##.>....####.......#
#........###..†....#
##........##.......# #
##......)..##>.....# #
#.......##.##.@....#
## #
#........##.##....##
##.
###).##....###.##...#
#.. ..).####.###
##.##.## ##.[ ....##
### ##..## #...
.....## ##..## ##...
.<....## ##..## #....
.......# ##..## ##....
.......## ##..##
#..###


There were no monsters in sight!

Vanquished Creatures
  A hill giant (D:10)
  Pikel (D:6)
  An ugly thing (D:11)
  Joseph (D:10)
  A troll (D:9)
  A two-headed ogre (D:8)
  4 slime creatures (D:10)
  A yak (D:10)
  A hungry ghost (D:8)
  Edmund (D:4)
  Menkaure (D:4)
  3 orc warriors
  An ice beast (D:5)
  2 sky beasts (D:10)
  4 ogres
  A phantom (D:7)
  4 centaurs
  A bullfrog (D:7)
  A wyvern zombie (D:9)
  A scorpion (D:4)
  12 killer bees
  8 wights (D:8)
  4 howler monkeys
  A centaur zombie (D:5)
  A quasit (D:9)
  5 crimson imps
  2 jellies
  2 orc priests
  7 hounds
  3 centaur skeletons
  4 iguanas
  Ijyb (D:2)
  Terence (D:2)
  10 orc wizards
  6 worker ants
  A killer bee zombie (D:9)
  2 hound zombies
  A hound skeleton (D:6)
  A worker ant zombie (D:5)
  13 adders
  4 shadow imps
  An adder zombie (D:7)
  A worm (D:2)
  A dart slug (D:1)
  5 leopard geckos
  21 orcs
  A ball python (D:5)
  11 bats
  A giant cockroach (D:1)
  6 hobgoblins
  11 jackals
  6 kobolds
  6 quokkas
  9 frilled lizards
  A giant cockroach zombie (D:5)
  7 goblins
  A jackal skeleton (D:8)
  A leopard gecko skeleton (D:4)
  A leopard gecko zombie (D:5)
  9 rats
221 creatures vanquished.

Vanquished Creatures (others)
  A scorpion (D:6)
  A crimson imp (D:6)
  An orc wizard (D:9)
  3 jackals (D:6)
6 creatures vanquished.

Grand Total: 227 creatures vanquished

Notes
Turn   | Place    | Note
-------+----------+-------------------------------------------
     0 | D:1      | Ice the Minotaur Berserker began the quest for the Orb.
     0 | D:1      | Reached XP level 1. HP: 19/19 MP: 0/0
   154 | D:1      | Reached XP level 2. HP: 26/26 MP: 1/1
  1228 | D:2      | Reached XP level 3. HP: 20/31 MP: 2/2
  1253 | D:2      | Noticed Ijyb
  1260 | D:2      | Killed Ijyb
  1260 | D:2      | Reached ** piety under Trog
  1344 | D:2      | Reached skill level 5 in Armour
  1466 | D:2      | Reached XP level 4. HP: 28/39 MP: 3/3
  1489 | D:2      | Noticed Terence
  1498 | D:2      | Killed Terence
  2499 | D:3      | Reached XP level 5. HP: 45/45 MP: 4/4
  2866 | D:4      | Reached skill level 5 in Dodging
  2898 | D:4      | Reached XP level 6. HP: 41/53 MP: 5/5
  2950 | D:4      | Reached *** piety under Trog
  2999 | D:4      | Noticed Menkaure
  3009 | D:4      | Killed Menkaure
  3009 | D:4      | Reached skill level 5 in Fighting
  3014 | D:4      | Got an encrusted ring mail
  3025 | D:4      | Identified the +4 ring mail "Zolom" {rF- Dex+6} (You found it on level 4 of the Dungeon)
  3080 | D:4      | Noticed Edmund
  3097 | D:4      | Killed Edmund
  3097 | D:4      | Reached XP level 7. HP: 11/64 MP: 6/6
  3362 | D:5      | Entered Level 5 of the Dungeon
  3368 | D:5      | Reached skill level 2 in Maces & Flails
  3371 | D:5      | Reached skill level 3 in Maces & Flails
  3489 | D:5      | Reached skill level 4 in Maces & Flails
  3716 | D:5      | Reached skill level 5 in Maces & Flails
  3811 | D:5      | Reached skill level 6 in Maces & Flails
  3902 | D:6      | Noticed Pikel
  3916 | D:6      | Reached **** piety under Trog
  3916 | D:6      | Reached XP level 8. HP: 71/71 MP: 7/7
  3930 | D:6      | Killed Pikel
  3930 | D:6      | Reached skill level 8 in Maces & Flails
  3980 | D:6      | Reached skill level 9 in Maces & Flails
  4133 | D:6      | Got a blackened scale mail
  4144 | D:6      | Identified the +0 scale mail of Taisoets {*Slow rF+++ rC++ Dex-2} (You found it on level 6 of the Dungeon)
  4954 | D:7      | Found a staircase to the Ecumenical Temple.
  5060 | D:7      | Reached skill level 10 in Maces & Flails
  5311 | D:7      | Reached XP level 9. HP: 15/78 MP: 8/8
  5582 | D:8      | Reached skill level 11 in Maces & Flails
  5748 | D:8      | Reached skill level 12 in Maces & Flails
  5924 | D:8      | Reached skill level 13 in Maces & Flails
  6151 | D:8      | Reached ***** piety under Trog
  7289 | D:9      | Reached XP level 10. HP: 84/84 MP: 9/9
  7401 | D:9      | Reached skill level 14 in Maces & Flails
  7585 | D:9      | Received a gift from Trog
  7874 | D:10     | Entered Level 10 of the Dungeon
  8039 | D:10     | Reached skill level 5 in Bows
  8106 | D:10     | Noticed a hill giant
  8119 | D:10     | Killed a hill giant
  8522 | D:10     | Noticed Joseph
  8549 | D:10     | HP: 4/84 [Joseph/sling bullet (8)]
  8564 | D:10     | Killed Joseph
  8709 | D:10     | Reached skill level 1 in Slings
  8993 | D:11     | Noticed a cyan ugly thing
  9010 | D:11     | Killed a cyan ugly thing
  9013 | D:11     | Noticed a death knight
  9014 | D:11     | Noticed Maurice
  9037 | D:10     | HP: 2/86 [something (5)]
  9038 | D:10     | Slain by a vampire

Skill      XL: |  1  2  3  4  5  6  7  8  9 10 |
---------------+-------------------------------+-----
Armour         | 3 4 5 |  5.1
Dodging        | 3 5 |  5.0
Fighting       | 4 6 7 |  7.1
Maces & Flails | 6 10 13 14 | 14.0
Bows           | 8 |  8.4
Slings         | 3 |  3.6
Unarmed Combat | |  3.2

Action                   |  1- 3 |  4- 6 |  7- 9 | 10-12 || total
-------------------------+-------+-------+-------+-------++-------
Melee: Unarmed           |    12 |       |       |       ||    12
       Spear             |    35 |       |       |       ||    35
       Headbutt          |     7 |    19 |    48 |    25 ||    99
       Flail             |    28 |    98 |   118 |    36 ||   280
       Dire flail        |       |       |   141 |    81 ||   222
       War axe           |       |       |       |     8 ||     8
       Punch             |       |       |       |     1 ||     1
 Fire: Hunting sling     |       |       |    45 |     8 ||    53
       Shortbow          |       |       |    45 |    66 ||   111
Throw: Stone             |    62 |    92 |    12 |       ||   166
       Javelin           |       |       |    40 |     8 ||    48
Invok: Berserk           |       |     1 |       |     2 ||     3
       Trog's Hand       |       |       |     1 |     2 ||     3
       Burn Spellbooks   |       |       |       |     2 ||     2
  Use: Scroll            |     4 |     7 |     6 |     2 ||    19
  Eat: Chunk             |     2 |     5 |     6 |       ||    13
       Meat ration       |       |       |     2 |       ||     2
       Royal jelly       |       |       |     2 |       ||     2
       Pizza             |       |       |       |     4 ||     4
       Bread ration      |       |       |       |     1 ||     1
Armor: Leather armour    |     7 |       |       |       ||     7
       Ring mail         |    23 |     1 |    33 |       ||    57
       Scale mail        |       |    40 |    78 |    73 ||   191
Dodge: Dodged            |    54 |    55 |   145 |    74 ||   328
Block: Buckler           |     5 |    12 |    11 |       ||    28
